 Dungeon Crawl Stone Soup version 0.31-a0-455-g1a7b003ef0 (webtiles) character file.

Game seed: 4204220042473761826

11526 arthad the Fighter (level 11, -13/72 HPs)
             Began as a Gargoyle Fighter on Aug 3, 2023.
             Was a High Priest of Okawaru.
             Killed from afar by an ice statue (29 damage)
             ... with a bolt of cold
             ... in an ice cave.
             The game lasted 00:35:50 (9847 turns).

arthad the Fighter (Gargoyle Fighter)               Turns: 9847, Time: 00:35:50

Health: -13/72     AC: 32    Str: 27    XL:     11   Next: 79%
Magic:  13/14      EV: 15    Int:  7    God:    Okawaru [*****.]
Gold:   790        SH: 21    Dex: 15    Spells: 10/10 levels left

rFire   . . .        a - +0 flail (vamp)
rCold   . . .        k - +2 tower shield {AC+3}
rNeg    + . .        H - +2 steam dragon scales
rPois   ∞            m - +0 helmet
rElec   +            G - +1 cloak of the Kettle-Drum {Rampage *Slow rCorr Int-2}
rCorr   +            T - +1 pair of gloves of the Wicked Slorg {Regen+ Str+3}
SInv    .            f - +2 pair of boots
Will    .....        (no amulet)
Stlth   +++          B - +6 ring of dexterity
HPRegen 1.12/turn    (no ring)
MPRegen 0.14/turn

%: slow self (1%), rampage
@: heroic
A: sickness immunity, AC +8, negative energy resistance 1, electricity
resistance, torment resistance 1, petrification resistance
a: Renounce Religion, Heroism, Finesse, Duel


You were in an ice cave.
You worshipped Okawaru.
Okawaru was extremely pleased with you.
You visited 2 branches of the dungeon, and saw 12 of its levels.
You also visited: Bailey and Ice Cave.

You collected 790 gold pieces.

Inventory:

Hand Weapons
 a - a +0 vampiric flail (weapon)
 y - a +0 morningstar
Missiles
 e - a curare-tipped dart
 F - 5 poisoned darts (quivered)
Armour
 b - a +0 scale mail
 c - a +0 buckler
 f - a +2 pair of boots (worn)
 k - a +2 tower shield of protection (worn)
 m - a +0 helmet (worn)
 r - a +0 pair of gloves
 G - the +1 cloak of the Kettle-Drum (worn) {Rampage *Slow rCorr Int-2}
   (You found it on level 6 of the Dungeon)

   Int:       It affects your intelligence (-2).
   rCorr:     It protects you from acid and corrosion.
   *Slow:     It may slow you when you take damage.
   Rampage:   It bestows one free step when moving towards enemies.
 H - +2 steam dragon scales (worn)
 N - a +2 ring mail of willpower
 P - a +1 pair of gloves of hurling
 Q - a +2 ring mail of fire resistance
 T - the +1 pair of gloves of the Wicked Slorg (worn) {Regen+ Str+3}
   (You found it in a bailey)

   Str:       It affects your strength (+3).
   Regen:     It increases your rate of health regeneration.
 V - the +8 chain mail of Delicate Awe {rC- Str+2 Dex+6}
   (You found it in a bailey)

   Str:       It affects your strength (+2).
   Dex:       It affects your dexterity (+6).
   rC:        It makes you vulnerable to cold.
 X - a +2 scale mail of positive energy
 Y - +0 acid dragon scales
 Z - the +0 leather armour of Hepliaklqana's Hope {Fly rC+}
   (You found it on level 11 of the Dungeon)

   rC:        It protects you from cold.
   Fly:       It grants you flight.
Magical Staves
 S - the staff "Killer Bee's Bane" {rF+ rN+ Necro}
   (You found it in a bailey)

   [staff of death]

   Base accuracy: +5 Base damage: 5 Base attack delay: 1.2 This weapon's minimum
   attack delay (0.6) is reached at skill level 12.
   rF:        It protects you from fire.
   rN:        It protects you from negative energy.
   Necro:     It increases the power of your Necromancy spells.
   It falls into the 'Staves' category.
   It is a one-handed weapon.
Jewellery
 B - a +6 ring of dexterity (left hand)
Wands
 d - a wand of paralysis (4)
 l - a wand of flame (60)
 J - a wand of digging (5)
 O - a wand of mindburst (13)
Scrolls
 h - 2 scrolls of revelation
 i - 2 scrolls of fear
 j - a scroll of amnesia {unknown}
 n - 4 scrolls of blinking {unknown}
 s - 3 scrolls of immolation {unknown}
 t - 5 scrolls of vulnerability {unknown}
 u - a scroll of enchant armour {unknown}
 w - 4 scrolls of teleportation {unknown}
 x - 3 scrolls of enchant weapon {unknown}
 A - 2 scrolls of butterflies {unknown}
 C - a scroll of torment {unknown}
 E - 2 scrolls of silence {unknown}
 L - a scroll of acquirement {unknown}
Potions
 g - 3 potions of degeneration
 o - a potion of ambrosia
 p - 2 potions of magic
 q - a potion of enlightenment {unknown}
 v - 2 potions of lignification {unknown}
 D - 2 potions of brilliance {unknown}
 I - a potion of mutation {unknown}
 K - 4 potions of might
 M - a potion of attraction {unknown}
 U - a potion of cancellation {unknown}
 W - a potion of haste {unknown}
Miscellaneous
 R - a sack of spiders


   Skills:
 * Level 10.1(15.1) Fighting
 * Level 9.0(14.0) Maces & Flails
 * Level 10.1(15.1) Armour
 + Level 3.5(8.5) Dodging
 * Level 10.1(15.1) Shields
 + Level 4.8 Invocations


You had 10 spell levels left.
You didn't know any spells.
Your spell library contained the following spells:

 Spells                   Type           Power      Damage    Failure   Level
 Apportation              Tloc           0%         N/A       71%         1
 Magic Dart               Conj           0%         1d3       71%         1
 Necrotise                Necr           0%         1d4       71%         1
 Ensorcelled Hibernation  Hex/Ice        0%         N/A       83%         2
 Passwall                 Tmut/Erth      0%         N/A       83%         2
 Searing Ray              Conj           0%         2d4       83%         2
 Static Discharge         Conj/Air       0%         2-2/arc   83%         2
 Ignite Poison            Fire/Tmut/Pois 0%         N/A       97%         3
 Inner Flame              Hex/Fire       0%         N/A       97%         3
 Swiftness                Air            0%         N/A       97%         3
 Vampiric Draining        Necr           0%         2d6       97%         3
 Airstrike                Air            0%         2d(0-16)  100%        4
 Flame Wave               Conj/Fire      0%         2d4       100%        4
 Fulminant Prism          Conj/Hex       0%         3d5       100%        4
 Sticky Flame             Conj/Fire      0%         2d3       100%        4
 Agony                    Necr           0%         N/A       100%        5
 Ignition                 Fire           0%         3d3       100%        8
 Summon Small Mammal      Summ           Unusable   N/A       N/A         1
 Summon Lightning Spire   Summ/Air       Unusable   N/A       N/A         4

Dungeon Overview and Level Annotations

Branches:
Dungeon (11/15)            Temple (1/1) D:5            Lair (0/5) D:8
    Orc (0/2) D:11         Bailey (visited)           IceCv (1/1)

Altars:
Ashenzari
Cheibriados
Dithmenos
Elyvilon
Fedhas
Gozag
Hepliaklqana
Kikubaaqudgha
Makhleb
Nemelex Xobeh
Okawaru
Qazlal
Ru
Sif Muna
Trog
Uskayaw
Vehumet
Wu Jian
Xom
Yredelemnul
Zin
The Shining One

Shops:
D:6 (

Portals:
Trove: D:10 (give +7 demon blade)

Annotations:
D:8 2 runed translucent doors, 2 transporters IceCv exclusion: 2 ice statues


Innate Abilities, Weirdness & Mutations

You are immune to sickness and miasma.
Your stone body is resilient. (AC +8)
You are immune to poison.
You resist negative energy. (rN+)
You are resistant to electric shocks. (rElec)
You are resistant to unholy torment.
You are immune to petrification.


Message History

You are engulfed in freezing vapours.
The ice beast hits you but does no damage.
You block the ice beast's attack.
You hit the ice statue.
The ice statue is heavily damaged.
You are engulfed in freezing vapours.
The ice beast hits you but does no damage.
The ice beast hits you. The ice beast freezes you!
The ice statue glitters chillingly in the dim dungeon light.
The ice statue gestures.
You gain the combat prowess of a mighty hero.
You block the ice beast's attack.
The ice beast hits you but does no damage.
The ice beast completely misses you.
The ice statue gestures.
You block the ice beast's attack.
As you read the scroll of fear, it crumbles to dust.
You assume a fearsome visage.
The ice statue is unaffected. x2
The ice beast looks frightened! x5
The ice statue gestures at you.
The shard of ice hits you but does no damage.
You sock the ice statue!
The ice statue is severely damaged.
You barely miss the ice statue.
The ice statue is severely damaged.
You sock the ice statue!
The ice statue is almost destroyed.
The ice statue gestures.
You hit the ice statue but do no damage.
The ice statue is almost destroyed.
The ice statue gestures at you. The bolt of cold hits you!!
* * * LOW HITPOINT WARNING * * *
You completely miss the ice statue.
The ice statue is almost destroyed.
You hit the ice statue.
The ice statue is almost destroyed.
The ice statue gestures at you. The bolt of cold hits you!!
You die...

#...## ##...##
##...# ##..#
##..## #..##
##..####
##8#....#8#
#.....Y..@.#
...........#
...Y.........#
.#..........##
##Y.........
##.......Y##
#####..Y##
#####


You could see 2 ice statues and 5 ice beasts.

Vanquished Creatures
  4 two-headed ogres
  Urug (D:10)
  Maurice (D:9)
  2 gargoyles
  Maggie (D:6)
  3 ice devils
  An unseen horror (D:11)
  A troll (D:9)
  7 yaks
  2 vampires
  A steam dragon (D:8)
  An acid dragon (D:10)
  4 water moccasins
  3 orc warriors
  2 black bears
  4 sky beasts
  3 centaurs
  3 phantoms (D:5)
  A kobold brigand (D:7)
  4 bullfrogs
  Blork the orc (D:4)
  A cane toad simulacrum (IceCv)
  A scorpion (D:5)
  2 water moccasin zombies (D:5)
  3 wights (D:9)
  A wyvern skeleton (D:5)
  4 jellies
  4 killer bees
  7 vampire bats (Bailey)
  2 howler monkeys
  5 wolf zombies (Bailey)
  A bullfrog zombie (D:5)
  A centaur zombie (D:5)
  5 orc priests
  A bullfrog skeleton (D:5)
  A gnoll bouda (D:10)
  A centaur skeleton (D:5)
  3 iguanas (D:6)
  Jessica (D:2)
  Ijyb (D:3)
  10 orc wizards
  A scorpion zombie (D:5)
  Terence (D:3)
  3 troll simulacra (IceCv)
  A hound zombie (D:5)
  Robin (D:1)
  11 gnolls
  2 naga simulacra (IceCv)
  13 adders
  2 white imps (IceCv)
  2 ufetubi (D:4)
  A dart slug (D:1)
  40 orcs
  8 endoplasms
  5 giant cockroaches (D:1)
  17 goblins
  18 hobgoblins
  2 jackals (D:4)
  14 kobolds
  3 quokkas
  8 ball pythons
  2 bats (D:3)
  5 frilled lizards
  23 orc zombies (Bailey)
  4 rats
292 creatures vanquished.

Notes
Turn   | Place    | Note
-------+----------+-------------------------------------------
     0 | D:1      | arthad the Gargoyle Fighter began the quest for the Orb.
     0 | D:1      | Reached XP level 1. HP: 14/14 MP: 1/1
   153 | D:1      | Reached XP level 2. HP: 19/19 MP: 2/2
   503 | D:1      | Reached XP level 3. HP: 23/23 MP: 3/3
   813 | D:2      | Noticed Robin
   819 | D:1      | Killed Robin
   955 | D:2      | Reached XP level 4. HP: 27/29 MP: 4/4
  1030 | D:2      | Noticed Jessica
  1038 | D:2      | Killed Jessica
  1086 | D:2      | Reached XP level 5. HP: 28/33 MP: 5/5
  1509 | D:3      | Noticed Ijyb
  1539 | D:3      | Killed Ijyb
  1547 | D:3      | Reached XP level 6. HP: 7/39 MP: 6/6
  1547 | D:3      | HP: 1/39 [gnoll/+0 flail (6)]
  2151 | D:3      | Reached skill level 5 in Fighting
  2271 | D:3      | Noticed Terence
  2273 | D:3      | Killed Terence
  2274 | D:3      | Reached skill level 5 in Armour
  2312 | D:3      | Reached skill level 5 in Shields
  2312 | D:3      | Reached XP level 7. HP: 44/44 MP: 7/7
  2460 | D:3      | Found a basalt altar of Yredelemnul.
  2464 | D:3      | Found a bloodstained altar of Trog.
  2464 | D:3      | Found a sparkling altar of Nemelex Xobeh.
  2466 | D:3      | Found an opulent altar of Gozag.
  2466 | D:3      | Found a shadowy altar of Dithmenos.
  2466 | D:3      | Found a shimmering altar of Xom.
  3032 | D:4      | Noticed Blork the orc
  3047 | D:4      | Killed Blork the orc
  3361 | D:5      | Entered Level 5 of the Dungeon
  3531 | D:5      | Reached XP level 8. HP: 48/51 MP: 8/8
  3596 | D:5      | Reached skill level 5 in Maces & Flails
  3757 | D:5      | Found a staircase to the Ecumenical Temple.
  3779 | D:5      | Found a sacrificial altar of Ru.
  3788 | Temple   | Entered the Ecumenical Temple
  3797 | Temple   | Became a worshipper of Warmaster Okawaru
  3856 | D:5      | Found a hide-covered altar of Uskayaw.
  4002 | D:5      | Found a burning altar of Makhleb.
  4316 | D:6      | Reached * piety under Okawaru
  4334 | D:6      | Identified the +1 cloak of the Kettle-Drum {Rampage *Slow
                  | rCorr Int-2}
  4378 | D:6      | Noticed Maggie
  4390 | D:6      | Reached XP level 9. HP: 57/57 MP: 9/9
  4414 | D:6      | Killed Maggie
  4452 | D:6      | Found Ynutywilib's Weapon Emporium.
  4719 | D:6      | Reached skill level 1 in Invocations
  5396 | D:7      | Reached ** piety under Okawaru
  5397 | D:7      | Reached skill level 1 in Dodging
  5753 | D:8      | Found a radiant altar of Vehumet.
  6131 | D:8      | Reached XP level 10. HP: 64/64 MP: 11/11
  6171 | D:8      | HP: 1/64 [orc priest/nerve-wracking pain (6)]
  6275 | D:8      | Found a bloodstained altar of Trog.
  6275 | D:8      | Found a staircase to the Lair.
  6630 | D:8      | Found a runed translucent door.
  6685 | D:8      | Found a basalt altar of Yredelemnul.
  6685 | D:8      | Found an ancient bone altar of Kikubaaqudgha.
  6686 | D:8      | Noticed a death knight
  6707 | D:8      | Found a transporter.
  6709 | D:8      | Found a transporter.
  6753 | D:8      | Found a runed translucent door.
  7223 | D:9      | Found a stormy altar of Qazlal.
  7234 | D:9      | Noticed Maurice
  7236 | D:9      | Paralysed by Maurice for 2 turns
  7243 | D:9      | Paralysed by Maurice for 4 turns
  7247 | D:9      | Killed Maurice
  7247 | D:9      | Reached *** piety under Okawaru
  7253 | D:9      | Found a flagged portal.
  7312 | Bailey   | Entered a bailey
  7445 | Bailey   | Noticed a gargoyle
  7462 | Bailey   | Killed a gargoyle
  7618 | Bailey   | Identified the staff "Killer Bee's Bane" {rF+ rN+ Necro}
  7620 | Bailey   | Identified the +1 pair of gloves of the Wicked Slorg
                  | {Regen+ Str+3}
  7917 | Bailey   | Identified the +8 chain mail of Delicate Awe {rC- Str+2
                  | Dex+6}
  8138 | D:9      | Reached **** piety under Okawaru
  8525 | D:10     | Entered Level 10 of the Dungeon
  8607 | D:10     | Noticed a gargoyle
  8618 | D:10     | Killed a gargoyle
  8619 | D:10     | Reached XP level 11. HP: 55/71 MP: 13/13
  8750 | D:10     | Noticed Urug
  8773 | D:10     | Killed Urug
  8881 | D:10     | Noticed a two-headed ogre
  8890 | D:10     | Killed a two-headed ogre
  9025 | D:10     | Found a portal to a secret trove of treasure.
  9245 | D:10     | Noticed a two-headed ogre
  9253 | D:10     | Killed a two-headed ogre
  9370 | D:11     | Identified the +0 leather armour of Hepliaklqana's Hope
                  | {Fly rC+}
  9602 | D:11     | Noticed a two-headed ogre
  9618 | D:11     | Killed a two-headed ogre
  9618 | D:11     | Reached ***** piety under Okawaru
  9621 | D:11     | Noticed a two-headed ogre
  9641 | D:11     | Killed a two-headed ogre
  9728 | D:11     | Reached skill level 10 in Fighting
  9728 | D:11     | Reached skill level 10 in Armour
  9728 | D:11     | Reached skill level 10 in Shields
  9731 | D:11     | Found a frozen archway.
  9752 | D:11     | HP: 2/72 [ice devil (19)]
  9783 | IceCv    | Entered an ice cave
  9847 | IceCv    | Killed from afar by an ice statue

Illustrated notes

Levels and vault maps discovered:
D:1:      wander_arrival_abandoned_jail, layout_basic, grunt_decor_arrowhead
D:2:      layout_rooms, uniq_robin, uniq_jessica
D:3:      layout_loops_ring, doesnt_xom_only_xom, minmay_snake_closets,
          uniq_ijyb, uniq_terence
D:4:      layout_loops_ring, uniq_blork_the_orc
D:5:      layout_rooms, lemuel_tele_altar, pf_just_have_faith,
          kennysheep_mini_moat, minmay_temple_entry_statues_pillars,
          serial_undead, serial_undead_f, serial_undead_d, serial_undead_a,
          serial_undead_e
D:6:      layout_cave_pools, serial_shops, nicolae_shop_bloodbath_and_beyond,
          uniq_maggie
D:7:      layout_loops_corners
D:8:      cheibrodos_histonic, layout_basic, gammafunk_temple_of_torment,
          vehumet_altar_wand_db, trog_three_pillars_becter
D:9:      layout_loops_cross, nicolae_qazlal_style_of_elements, enter_bailey_5,
          kennysheep_generic_room_7, uniq_maurice
D:10:     layout_roguey, enter_trove_6, uniq_urug
D:11:     layout_long_grid, minmay_orc_entry_temple_small,
          portal_ice_cave_demonic_guard, dreamdust_wishing_well
Temple:   nicolae_temple_ecumenical_triangle
IceCv:    ice_cave_small_demon

Skill      XL: |  1  2  3  4  5  6  7  8  9 10 11 |
---------------+----------------------------------+-----
Fighting       | 4 5 7 8 9 10 | 10.1
Armour         | 4 5 6 8 9 10 | 10.1
Shields        | 4 5 6 8 9 10 | 10.1
Maces & Flails | 3 4 5 7 8 9 |  9.0
Invocations    | 2 3 4 |  4.8
Dodging        | 1 2 3 |  3.5

Action                     |  1- 3 |  4- 6 |  7- 9 | 10-12 || total
---------------------------+-------+-------+-------+-------++-------
  Melee: Flail             |   118 |   183 |   500 |   636 ||  1437
  Throw: Dart              |       |       |    11 |     9 ||    20
 Invoke: Heroism           |       |       |     1 |     6 ||     7
  Evoke: Wand              |       |     1 |     6 |     3 ||    10
    Use: Potion            |       |     3 |       |    12 ||    15
         Scroll            |       |     2 |     4 |     4 ||    10
   Stab: Sleeping          |       |       |     1 |     3 ||     4
         Paralysed         |       |       |       |     4 ||     4
 Armour: Scale mail        |    99 |   134 |   226 |       ||   459
         Steam dragon scal |       |       |   123 |   374 ||   497
  Dodge: Dodged            |    71 |   103 |   221 |   295 ||   690
  Block: Buckler           |    42 |    39 |   155 |    56 ||   292
         Tower shield      |       |       |       |   510 ||   510

Table legend: (Time is in decaauts)
 A = Elapsed time spent in this place.
 B = Non-inter-level travel time spent in this place.
 C = Inter-level travel time spent in this place.
 D = Time resting spent in this place.
 E = Time spent auto-exploring this place.
 F = Levels seen in this place.
 G = Mean time per level.
                   A        B        C        D        E       F      G
               +--------+--------+--------+--------+--------+-----+--------+
         Total |  10095 |   9613 |    482 |    137 |   6646 |  14 |  721.1 |
       Dungeon |   9338 |   8872 |    466 |    137 |   6279 |  11 |  848.9 |
        Temple |     18 |      2 |     16 |      0 |      0 |   1 |   18.0 |
        Bailey |    675 |    675 |      0 |      0 |    350 |   1 |  675.0 |
      Ice Cave |     63 |     63 |      0 |      0 |     17 |   1 |   63.0 |
               +--------+--------+--------+--------+--------+-----+--------+

Top non-repeatable levels by time:
     D:8: 1374 daAuts
     D:3: 1177 daAuts
     D:1: 943 daAuts
     D:7: 864 daAuts
    D:10: 830 daAuts
     D:9: 787 daAuts
     D:5: 781 daAuts
     D:6: 771 daAuts
     D:2: 707 daAuts
  Bailey: 675 daAuts
     D:4: 644 daAuts
    D:11: 457 daAuts
   IceCv: 63 daAuts
  Temple: 18 daAuts
